[Event "Titled Tuesday Blitz March 14 Late 2023"]
[White "Osmak, Yuliia"]
[Black "Mirzoev, Azer"]
[WhiteFideId "14101602"]
[BlackFideId "13400304"]
[WhiteElo "2271"]
[BlackElo "2525"]
[Result "0-1"]
[Round "06"]
[TimeControl "180+2"]
[Date "2023.03.14"]
[WhiteClock "0:00:03"]
[BlackClock "0:00:08"]

1. d4 d5 2. Bf4 c5 3. e3 Nc6 4. Nf3 Qb6 5. dxc5 Qxb2 6. Nbd2 Nf6 7. c4 dxc4 8. Bxc4 e6 9. Nb3 Qc3+ 10. Nfd2 Be7 11. O-O O-O 12. a3 Nd5 13. Rc1 Qb2 14. Bg3 Rd8 15. Qf3 Qxa3 16. Ne4 a5 17. Nd6 Nf6 18. Nd4 Nxd4 19. exd4 Qxf3 20. gxf3 Bxd6 21. Bxd6 Bd7 22. Ra1 Bc6 23. Be2 a4 24. Rfb1 Nd5 25. Rb2 h6 26. Kf1 Nc3 27. f4 Nxe2 28. Kxe2 Ra6 29. Ke3 Rda8 30. Rb6 Rxb6 31. cxb6 Ra5 32. Bc5 Rb5 33. Ra3 Rb1 34. h4 Kh7 35. f5 exf5 36. Kf4 Kg6 37. Ke5 Re1+ 38. Kd6 Rd1 39. Rg3+ Kh7 40. h5 f4 41. Rg4 f3 42. Rf4 f6 43. Kc7 Rd3 44. Rg4 Kg8 45. Rg1 Kf7 46. Re1 a3 47. Re7+ Kg8 48. Re8+ Bxe8 0-1


[Site "https://www.chess.com"]

[Event "Titled Tuesday Blitz March 14 Late 2023"]
[White "Matinian, Nikita"]
[Black "Fernandez Garcia, Gumersindo"]
[WhiteFideId "24129100"]
[BlackFideId "24516740"]
[WhiteElo "2422"]
[BlackElo "2093"]
[Result "0-1"]
[Round "06"]
[TimeControl "180+2"]
[Date "2023.03.14"]
[WhiteClock "0:00:33"]
[BlackClock "0:00:27"]

1. e4 c5 2. Nf3 g6 3. c3 Bg7 4. d4 cxd4 5. cxd4 d5 6. e5 Nh6 7. Nc3 Nc6 8. Bb5 O-O 9. Bf4 Bg4 10. Bxc6 bxc6 11. h3 Bxf3 12. Qxf3 Nf5 13. Rd1 Qb6 14. O-O Nxd4 15. Qe3 Ne6 16. Qc1 Nxf4 17. Qxf4 Qxb2 18. Rd3 e6 19. h4 Rab8 20. Rf3 Qb4 21. Qg5 Rfe8 22. Rd1 Qe7 23. Qg3 Rb4 24. h5 Qh4 25. hxg6 hxg6 26. Qxh4 Rxh4 27. Rb1 Bxe5 28. Rb7 Rf4 29. Rxf4 Bxf4 30. Rxa7 c5 31. a4 Be5 32. Nb5 c4 33. Ra6 Rc8 34. Na7 Rc5 35. Nc6 Bf6 36. Nb4 c3 37. Nd3 c2 38. a5 c1=Q+ 39. Nxc1 Rxc1+ 40. Kh2 Be5+ 41. g3 Rc2 42. Kh3 Rxf2 43. Ra8+ Kg7 44. a6 Bd4 45. a7 Ra2 0-1


[Site "https://www.chess.com"]

[Event "Titled Tuesday Blitz March 14 Late 2023"]
[White "Kozin, Yuri"]
[Black "Aldokhin, Ivan"]
[WhiteFideId "4129920"]
[BlackFideId "24115720"]
[WhiteElo "2529"]
[BlackElo "2322"]
[Result "0-1"]
[Round "06"]
[TimeControl "180+2"]
[Date "2023.03.14"]
[WhiteClock "0:00:01"]
[BlackClock "0:00:01"]

1. e4 c5 2. Nf3 e6 3. d4 cxd4 4. Nxd4 a6 5. Nc3 Qc7 6. Bd3 Nf6 7. Nb3 b5 8. f4 d6 9. Be3 Bb7 10. Qf3 Nbd7 11. O-O-O Nc5 12. a3 Nxd3+ 13. cxd3 d5 14. Bd4 b4 15. axb4 Bxb4 16. e5 Nd7 17. f5 O-O 18. f6 g6 19. Qe3 Rfc8 20. h4 a5 21. h5 a4 22. hxg6 fxg6 23. f7+ Kxf7 24. Rxh7+ Ke8 25. Qg3 Nf8 26. Rf1 Qxh7 27. Kd2 Qh6+ 28. Ke2 axb3 29. Qf3 Qg7 30. Nb1 Rc2+ 0-1


[Site "https://www.chess.com"]

[Event "Titled Tuesday Blitz March 14 Late 2023"]
[White "Postma, Dinant"]
[Black "Ozates, Tuna"]
[WhiteFideId "1018612"]
[BlackFideId "6354521"]
[WhiteElo "2527"]
[BlackElo "2151"]
[Result "0-1"]
[Round "06"]
[TimeControl "180+2"]
[Date "2023.03.14"]
[WhiteClock "0:00:02"]
[BlackClock "0:00:09"]

1. e4 c5 2. b4 cxb4 3. a3 e5 4. Nf3 Nc6 5. Bb2 bxa3 6. Nxa3 d6 7. Bc4 Be6 8. Bxe6 fxe6 9. O-O Be7 10. d4 exd4 11. Nxd4 Nxd4 12. Bxd4 Nf6 13. Nb5 O-O 14. Bxa7 Nxe4 15. Bd4 Qd7 16. Rxa8 Rxa8 17. Nc3 Nxc3 18. Bxc3 Rc8 19. Bb2 Rc5 20. Re1 h5 21. Bd4 Rg5 22. h4 Rg4 23. g3 Bxh4 24. Be5 Be7 25. Bf4 d5 26. Qe2 Kf7 27. Qe5 g6 28. f3 Rxf4 29. Qxf4+ Bf6 30. g4 hxg4 31. fxg4 g5 32. Qf3 e5 33. Rf1 Qe6 34. Qb3 Qxg4+ 35. Kf2 Qd4+ 36. Ke2 Qe4+ 37. Kd1 Qd4+ 38. Ke2 b6 39. Qb5 Qe4+ 40. Kd1 Qg4+ 41. Kc1 Qe6 42. Qd3 e4 43. Qb3 Kg7 44. Qg3 e3 45. Qc7+ Kg6 46. Qg3 d4 47. Rg1 Qe7 48. Rh1 Qa3+ 49. Kb1 Qb4+ 50. Kc1 Qd2+ 51. Kb1 e2 52. Qe1 Qe3 53. Qb4 d3 54. cxd3 Qxd3+ 55. Kc1 Qe3+ 56. Qd2 Qa3+ 57. Kc2 Qb2+ 58. Kd3 Qb5+ 59. Ke3 g4 60. Qxe2 Bg5+ 61. Kf2 g3+ 62. Kf1 g2+ 63. Kf2 Qxe2+ 64. Kxe2 gxh1=Q 0-1


[Site "https://www.chess.com"]

[Event "Titled Tuesday Blitz March 14 Late 2023"]
[White "Sakun, Volodymyr"]
[Black "Rodchenkov, Sergey D."]
[WhiteFideId "14114062"]
[BlackFideId "4168712"]
[WhiteElo "2331"]
[BlackElo "2277"]
[Result "0-1"]
[Round "06"]
[TimeControl "180+2"]
[Date "2023.03.14"]
[WhiteClock "0:00:01"]
[BlackClock "0:00:16"]

1. d4 d5 2. c4 dxc4 3. e3 Nf6 4. Bxc4 e6 5. Nf3 c5 6. O-O a6 7. b3 Nc6 8. Bb2 cxd4 9. Nxd4 Nxd4 10. Qxd4 Qxd4 11. Bxd4 Bd7 12. Nd2 Bc6 13. Be2 Bb4 14. Nc4 O-O 15. a3 Be7 16. f3 Bb5 17. Kf2 Rac8 18. Rfc1 Bxc4 19. bxc4 Nd7 20. Rcb1 Rc7 21. f4 Bc5 22. Bf3 b6 23. Be2 f6 24. Bg4 Kf7 25. Be2 Ke7 26. a4 e5 27. Bxc5+ Rxc5 28. a5 Rxa5 29. Rxa5 bxa5 30. Ra1 exf4 31. exf4 Nc5 32. Rxa5 Kd6 33. Bf3 Rb8 34. Bd5 Rb2+ 35. Kf3 f5 36. h3 Rb3+ 37. Ke2 h6 38. Bf3 g5 39. fxg5 hxg5 40. Ra1 Ke5 41. Rd1 Kf4 42. Rd5 Rb2+ 43. Kf1 Ne4 44. Bxe4 fxe4 45. Ra5 Rc2 46. Rxa6 Rxc4 47. Ra2 Kg3 48. Ra5 Kf4 49. Ra3 Rc2 0-1


[Site "https://www.chess.com"]

[Event "Titled Tuesday Blitz March 14 Late 2023"]
[White "Mirimanian, Hayk"]
[Black "Piesik, Piotr"]
[WhiteFideId "4700180"]
[BlackFideId "1136194"]
[WhiteElo "2280"]
[BlackElo "2311"]
[Result "1-0"]
[Round "06"]
[TimeControl "180+2"]
[Date "2023.03.14"]
[WhiteClock "0:00:18"]
[BlackClock "0:00:18"]

1. e4 g6 2. d4 Bg7 3. Nc3 c6 4. Nf3 d6 5. Be2 Nf6 6. O-O O-O 7. Re1 Nbd7 8. e5 Ne8 9. Bf4 dxe5 10. dxe5 Nc7 11. Qc1 Nd5 12. Nxd5 cxd5 13. Bh6 Nc5 14. Qg5 Bf5 15. Qh4 Ne6 16. c4 Be4 17. cxd5 Qxd5 18. Rad1 Qc6 19. Rc1 Bxf3 20. Rxc6 Bxc6 21. Bxg7 Kxg7 22. Qxe7 Rad8 23. h4 h5 24. Bf3 Bxf3 25. Qf6+ Kg8 26. Qxf3 Rd7 27. Rd1 Rc7 28. Rd6 Rfc8 29. g4 hxg4 30. Qxg4 Rc4 31. Qg3 Nf4 32. Kh2 Nh5 33. Qg5 Ng7 34. Rd8+ Rxd8 35. Qxd8+ Kh7 36. Qd5 Rxh4+ 37. Kg2 Ne6 38. Qxb7 Kg7 39. Qxa7 Rg4+ 40. Kf3 Rf4+ 41. Ke3 Rf5 42. Qb8 Ng5 43. a4 Rf3+ 44. Ke2 Rh3 45. a5 Ne6 46. a6 Nd4+ 47. Kf1 Rh1+ 48. Kg2 Ra1 49. Qb6 Ne2 50. a7 Nf4+ 51. Kf3 Nd5 52. Qb7 1-0


[Site "https://www.chess.com"]

[Event "Titled Tuesday Blitz March 14 Late 2023"]
[White "Quinones Garcia, Santiago"]
[Black "Fiorito, Francisco"]
[WhiteFideId "4408497"]
[BlackFideId "180165"]
[WhiteElo "2263"]
[BlackElo "2341"]
[Result "1/2-1/2"]
[Round "06"]
[TimeControl "180+2"]
[Date "2023.03.14"]
[WhiteClock "0:00:10"]
[BlackClock "0:00:07"]

1. d4 Nf6 2. c4 b6 3. Nc3 Bb7 4. Qc2 d5 5. cxd5 Nxd5 6. e4 Nxc3 7. bxc3 e6 8. Nf3 c5 9. Bd3 Nc6 10. Be3 Be7 11. Qe2 O-O 12. O-O cxd4 13. cxd4 Nb4 14. Bb1 Ba6 15. Qd2 Bxf1 16. Kxf1 Rc8 17. a3 Nc6 18. Qd3 Na5 19. e5 g6 20. Ba2 Qc7 21. Rc1 Qb7 22. d5 Rxc1+ 23. Bxc1 exd5 24. Bxd5 Qc7 25. Bb2 Rd8 26. e6 Rxd5 27. exf7+ Kf8 28. Qxd5 Qc4+ 29. Qxc4 Nxc4 30. Bc1 Bxa3 31. Bxa3+ Nxa3 32. Ne5 Nb5 33. Ke2 Nd6 34. Kd3 Nxf7 35. Nc6 a6 36. Kc4 Nd6+ 37. Kd5 Nb5 38. Nb8 a5 39. Nd7+ Ke7 40. Nxb6 Nc3+ 41. Kc4 Ne4 42. f3 Nd6+ 43. Kd5 Nf5 44. g3 Ne3+ 45. Ke4 Nf1 46. Kd3 Nxh2 47. Ke2 g5 48. g4 Kf6 49. Kf2 Ke5 50. Kg2 Kf4 51. Kxh2 Kxf3 52. Kh3 h6 53. Na4 Kf4 54. Nc3 Kf3 55. Na4 Kf4 56. Nb2 Kf3 57. Nd3 a4 58. Ne5+ Kf4 59. Nc4 Kf3 60. Na3 Kf4 61. Nb5 Kf3 62. Nd4+ Kf2 63. Nb5 Kf3 64. Na3 Ke4 65. Nb5 Kd3 66. Kg3 Kc4 67. Na3+ Kb4 68. Nc2+ Kc3 69. Na3 Kb3 70. Nb5 Kc4 71. Na3+ Kb4 72. Nc2+ Kb3 73. Nd4+ Kc3 74. Nb5+ Kc4 1/2-1/2


[Site "https://www.chess.com"]

[Event "Titled Tuesday Blitz March 14 Late 2023"]
[White "Volkov, Maksim"]
[Black "Filgueiras, Nathan Felipe"]
[WhiteFideId "54123070"]
[BlackFideId "2188562"]
[WhiteElo "2312"]
[BlackElo "2241"]
[Result "0-1"]
[Round "06"]
[TimeControl "180+2"]
[Date "2023.03.14"]
[WhiteClock "0:01:52"]
[BlackClock "0:02:24"]

1. e4 c5 2. Nf3 Nc6 3. d4 cxd4 4. Nxd4 e5 5. Nb5 d6 6. N1c3 a6 7. Na3 b5 8. Nd5 Nce7 9. c4 Nxd5 10. Qxd5 Be6 11. Qd2 Nf6 12. cxb5 Nxe4 13. Qe3 d5 14. bxa6 Bb4+ 15. Kd1 Bc5 16. Bb5+ Kf8 17. Qe1 Nxf2+ 18. Kc2 Bf5+ 19. Kb3 Nxh1 20. Qxh1 Qa5 0-1


[Site "https://www.chess.com"]

[Event "Titled Tuesday Blitz March 14 Late 2023"]
[White "Thomforde-Toates, Noah"]
[Black "Grycel, Kamil"]
[WhiteFideId "30951992"]
[BlackFideId "1115499"]
[WhiteElo "2624"]
[BlackElo "2476"]
[Result "1-0"]
[Round "06"]
[TimeControl "180+2"]
[Date "2023.03.14"]
[WhiteClock "0:01:35"]
[BlackClock "0:00:22"]

1. c4 b6 2. Nf3 Bb7 3. e3 g6 4. Nc3 Bg7 5. Qc2 c5 6. Be2 f5 7. b3 Nf6 8. Bb2 Nc6 9. d3 e6 10. a3 O-O 11. Rd1 Qe7 12. O-O Rac8 13. Qb1 d6 14. Qa1 e5 15. Rfe1 h6 16. d4 cxd4 17. exd4 e4 18. Nh4 Kh7 19. d5 Ne5 20. Nb5 a6 21. Nxd6 Qxd6 22. Bxe5 Qd8 23. g3 b5 24. Ng2 bxc4 25. bxc4 g5 26. Ne3 f4 27. Nf5 Bh8 28. Bf1 Qd7 29. Nd6 Rb8 30. Nxe4 Nxe4 31. Rxe4 Bxe5 32. Rxe5 fxg3 33. Bd3+ 1-0


[Site "https://www.chess.com"]

[Event "Titled Tuesday Blitz March 14 Late 2023"]
[White "Sreyas Payyappat"]
[Black "Filgueira, Hernan"]
[WhiteFideId "46674969"]
[BlackFideId "101770"]
[WhiteElo "2083"]
[BlackElo "2363"]
[Result "0-1"]
[Round "06"]
[TimeControl "180+2"]
[Date "2023.03.14"]
[WhiteClock "0:00:43"]
[BlackClock "0:01:11"]

1. e4 d6 2. d4 Nf6 3. Nc3 Nbd7 4. Nf3 e5 5. dxe5 dxe5 6. Bg5 Be7 7. Bc4 O-O 8. O-O c6 9. Qd2 Qc7 10. Rad1 b5 11. Bb3 Nc5 12. Qe3 Ng4 13. Qe2 Bxg5 14. Nxg5 Nf6 15. f4 Bg4 16. Qf2 Nxb3 17. axb3 Bxd1 18. Nxd1 exf4 19. Nc3 h6 20. Nh3 Ng4 21. Qe2 Ne5 22. Nxf4 Rad8 23. Qe1 Ng6 24. Nce2 Qb6+ 25. Kh1 Qe3 26. Qb4 Nxf4 27. Nxf4 Qxf4 0-1


[Site "https://www.chess.com"]

[Event "Titled Tuesday Blitz March 14 Late 2023"]
[White "Hoffmann, Asa"]
[Black "Melikyan, Gnel"]
[WhiteFideId "2001470"]
[BlackFideId "54109990"]
[WhiteElo "2117"]
[BlackElo "2138"]
[Result "0-1"]
[Round "06"]
[TimeControl "180+2"]
[Date "2023.03.14"]
[WhiteClock "0:00:16"]
[BlackClock "0:00:20"]

1. d4 Nc6 2. e3 e5 3. Nf3 exd4 4. exd4 Nf6 5. d5 Ne7 6. c4 Ng6 7. Nc3 Bb4 8. Bd2 O-O 9. Be2 d6 10. O-O Re8 11. Re1 Bf5 12. Nd4 Bd7 13. a3 Bxc3 14. Bxc3 Ne4 15. Qc2 Qg5 16. Bf3 Nxc3 17. Qxc3 Ne5 18. Re3 Bg4 19. Be4 f5 20. Bc2 f4 21. Ree1 f3 22. g3 Qh5 23. Bd3 Re7 24. Bf1 Rae8 25. Re3 Bh3 26. Qe1 Bxf1 27. Qxf1 Ng4 28. h4 Nxe3 29. fxe3 Rxe3 30. Ne6 Qg4 31. Kh2 Re2+ 0-1


[Site "https://www.chess.com"]

[Event "Titled Tuesday Blitz March 14 Late 2023"]
[White "Harish, Neeraj"]
[Black "Fiorito, Joaquin"]
[WhiteFideId "30958130"]
[BlackFideId "180173"]
[WhiteElo "1963"]
[BlackElo "2157"]
[Result "1-0"]
[Round "06"]
[TimeControl "180+2"]
[Date "2023.03.14"]
[WhiteClock "0:00:50"]
[BlackClock "0:00:05"]

1. e4 c6 2. d4 d5 3. e5 Bf5 4. Nd2 e6 5. Nb3 Nd7 6. Nf3 a6 7. Be2 c5 8. dxc5 Bxc5 9. Nxc5 Nxc5 10. O-O Ne7 11. c3 O-O 12. Nd4 Bg6 13. Be3 Rc8 14. f4 Nf5 15. Nxf5 Bxf5 16. Bd4 Be4 17. Qd2 Nd7 18. Bd3 Bxd3 19. Qxd3 Nc5 20. Qf3 Ne4 21. Qh5 Qe8 22. Rf3 f5 23. Qxe8 Rfxe8 24. a4 Rc4 25. a5 Rec8 26. Rd3 Kf7 27. Ra3 R8c7 28. Rb3 h6 29. h3 g5 30. g3 Ra4 31. Kg2 Rd7 32. Bb6 Kg6 33. Rd4 Ra1 34. c4 dxc4 35. Rxd7 cxb3 36. Rxb7 Rb1 37. Bd4 Rd1 38. Bc3 Rd3 39. fxg5 hxg5 40. Rxb3 Rxg3+ 41. Kh2 Rd3 42. Rb6 f4 43. Rxe6+ Kf5 44. Re8 Ng3 45. e6 Re3 46. e7 Ke6 47. Rg8 Kxe7 48. Rxg5 Ke6 49. Rg6+ Kf5 50. Rxa6 Re2+ 51. Kg1 Ne4 52. Ra8 Rc2 53. Rf8+ Kg5 54. a6 Nxc3 55. bxc3 Rxc3 56. a7 Rc1+ 57. Kf2 Rc2+ 58. Ke1 Rc3 59. a8=Q 1-0


[Site "https://www.chess.com"]

[Event "Titled Tuesday Blitz March 14 Late 2023"]
[White "Skytte, Rasmus"]
[Black "Di Berardino, Diego Rafael"]
[WhiteFideId "1404210"]
[BlackFideId "2105446"]
[WhiteElo "2418"]
[BlackElo "2432"]
[Result "0-1"]
[Round "06"]
[TimeControl "180+2"]
[Date "2023.03.14"]
[WhiteClock "0:01:09"]
[BlackClock "0:01:01"]

1. e4 c5 2. Nf3 d6 3. d4 cxd4 4. Nxd4 Nf6 5. Nc3 a6 6. Bg5 e6 7. f4 Be7 8. Qf3 Qc7 9. O-O-O Nbd7 10. g4 b5 11. Bxf6 Nxf6 12. g5 Nd7 13. f5 Bxg5+ 14. Kb1 Ne5 15. Qh5 Qe7 16. fxe6 g6 17. exf7+ Kxf7 18. Qe2 Kg7 19. Nd5 Qd8 20. Rg1 Rf8 21. h4 Bxh4 22. Nf5+ Bxf5 23. exf5 Rxf5 24. Bh3 Rf2 25. Qe4 Ra7 26. Nf4 Kh8 27. Qxe5+ dxe5 28. Rxd8+ Bxd8 29. Nd3 Rh2 30. Be6 Re7 0-1


[Site "https://www.chess.com"]

[Event "Titled Tuesday Blitz March 14 Late 2023"]
[White "Xu, Yi"]
[Black "Lorenzo De La Riva, Lazaro"]
[WhiteFideId "8605564"]
[BlackFideId "2268809"]
[WhiteElo "2471"]
[BlackElo "2294"]
[Result "1-0"]
[Round "06"]
[TimeControl "180+2"]
[Date "2023.03.14"]
[WhiteClock "0:00:44"]
[BlackClock "0:00:09"]

1. e4 c5 2. Nf3 Nc6 3. Bb5 e5 4. O-O Bd6 5. c3 a6 6. Ba4 b5 7. Bc2 Nge7 8. d4 cxd4 9. cxd4 exd4 10. Nxd4 Qc7 11. Nf3 Ne5 12. Nxe5 Bxe5 13. f4 Qc5+ 14. Kh1 Bc7 15. Nc3 Bb7 16. e5 O-O 17. Ne4 Qc6 18. Qd3 Nf5 19. Bd2 Qh6 20. Rf3 d5 21. Ng5 g6 22. Rh3 Qg7 23. Rxh7 Qxh7 24. Nxh7 Kxh7 25. Qh3+ Kg7 26. Bxf5 gxf5 27. Qxf5 Bd8 28. Rc1 Re8 29. Rc3 Re6 30. Rg3+ Rg6 31. Rxg6+ fxg6 32. Qd7+ 1-0


[Site "https://www.chess.com"]

[Event "Titled Tuesday Blitz March 14 Late 2023"]
[White "Nazari, Arad"]
[Black "Almeida Quintana, Omar"]
[WhiteFideId "12577324"]
[BlackFideId "3503313"]
[WhiteElo "2313"]
[BlackElo "2530"]
[Result "0-1"]
[Round "06"]
[TimeControl "180+2"]
[Date "2023.03.14"]
[WhiteClock "0:00:01"]
[BlackClock "0:00:18"]

1. e4 d6 2. d4 Nf6 3. Nc3 e5 4. f4 exd4 5. Qxd4 c6 6. Nf3 Qb6 7. Be3 Qxd4 8. Bxd4 Be7 9. e5 dxe5 10. Bxe5 Bg4 11. Be2 Nbd7 12. Bd4 Nc5 13. h3 Bf5 14. O-O-O h5 15. Rhe1 Ne6 16. Be5 Nd7 17. Bc4 Nxe5 18. Rxe5 g6 19. Nd4 Nxd4 20. Rxd4 Kf8 21. Re2 Bf6 22. Rd6 Bxc3 23. bxc3 Re8 24. Red2 Kg7 25. Kb2 Re4 26. R6d4 Rhe8 27. Rf2 h4 28. Rxe4 Bxe4 29. Re2 Kf8 30. Kc1 b5 31. Bb3 a5 32. a3 c5 0-1


[Site "https://www.chess.com"]

[Event "Titled Tuesday Blitz March 14 Late 2023"]
[White "TimGrutter03"]
[Black "Bilych, Olexiy"]
[BlackFideId "14156504"]
[WhiteElo "2510"]
[BlackElo "2320"]
[Result "0-1"]
[Round "06"]
[TimeControl "180+2"]
[Date "2023.03.14"]
[WhiteClock "0:00:20"]
[BlackClock "0:01:33"]

1. e4 c5 2. Nf3 d6 3. d4 cxd4 4. Nxd4 Nf6 5. Nc3 a6 6. h4 e5 7. Nb3 Be6 8. f4 g6 9. fxe5 dxe5 10. Qxd8+ Kxd8 11. Bg5 Nd7 12. O-O-O Kc7 13. Nd5+ Bxd5 14. exd5 Ne4 15. Be3 Nec5 16. Be2 Bd6 17. g4 f5 18. gxf5 gxf5 19. Bd3 e4 20. Be2 Nxb3+ 21. axb3 Rhg8 22. Rdf1 Raf8 23. Bf4 Bxf4+ 24. Rxf4 Kd6 25. Rhf1 Ke5 26. b4 b5 27. c4 bxc4 28. Bxc4 Rg2 29. Bxa6 Nb6 30. d6 Nd5 31. R4f2 Rxf2 32. Rxf2 Kxd6 33. Bb7 e3 34. Rf3 f4 35. b5 Ke5 36. Kd1 Rd8 37. Ke2 Nb4 38. b6 Nc2 39. Ba6 Nd4+ 0-1


[Site "https://www.chess.com"]

[Event "Titled Tuesday Blitz March 14 Late 2023"]
[White "Papasimakopoulos, Alexandros"]
[Black "Sanchez Alvares, Kelvin Antonio"]
[WhiteFideId "4244125"]
[BlackFideId "3906680"]
[WhiteElo "2359"]
[BlackElo "2217"]
[Result "1/2-1/2"]
[Round "06"]
[TimeControl "180+2"]
[Date "2023.03.14"]
[WhiteClock "0:00:18"]
[BlackClock "0:00:24"]

1. d4 d5 2. c4 c6 3. cxd5 cxd5 4. Bf4 Nc6 5. e3 Nf6 6. Nc3 Bf5 7. Qb3 Na5 8. Qa4+ Bd7 9. Qc2 Rc8 10. Nf3 e6 11. Bd3 Bb4 12. O-O O-O 13. Ne5 Be8 14. Bg5 h6 15. Bh4 Nc6 16. Rfc1 Bxc3 17. bxc3 Nb4 18. Bh7+ Nxh7 19. Qxh7+ Kxh7 20. Bxd8 Nc6 21. Nxc6 Bxc6 22. Be7 Rfe8 23. Bb4 Ba4 24. Kf1 Rc4 25. Ke2 Rec8 26. Kd2 b6 27. f3 f6 28. Rab1 Kg6 29. Bd6 Kf7 30. h4 h5 31. Bb4 Ke8 32. Ba3 Kd7 33. Bb2 Rg8 34. Rh1 Ke8 35. g4 Kf7 36. Rbg1 Rh8 37. Rg3 hxg4 38. fxg4 g6 39. h5 gxh5 40. gxh5 Rcc8 41. Rhg1 Rcg8 42. Rxg8 Rxg8 43. Rxg8 Kxg8 44. Ba3 Be8 45. h6 Kh7 46. Bf8 Kg6 47. Bg7 Ba4 48. Ke2 Bc2 49. Kf3 Be4+ 50. Kf4 Kf7 51. a3 a6 52. Kg3 b5 53. Kf2 a5 54. Ke2 Kg6 55. Kd2 a4 56. Ke2 Kf7 57. Kf2 Bh7 58. Kg3 Be4 59. Kg4 Bf5+ 60. Kh5 Bg6+ 61. Kh4 Bf5 62. Kg3 Be4 63. Kf4 Bd3 64. Kg3 Be4 1/2-1/2


[Site "https://www.chess.com"]

[Event "Titled Tuesday Blitz March 14 Late 2023"]
[White "Manukian, Artak"]
[Black "Weetik, Vjacheslav"]
[WhiteFideId "13301373"]
[BlackFideId "4153472"]
[WhiteElo "2130"]
[BlackElo "2469"]
[Result "1-0"]
[Round "06"]
[TimeControl "180+2"]
[Date "2023.03.14"]
[WhiteClock "0:01:30"]
[BlackClock "0:00:02"]

1. e4 c6 2. d4 d5 3. e5 Bf5 4. c4 e6 5. Nc3 Nd7 6. Nf3 Ne7 7. Nh4 Bg6 8. Bg5 Qb6 9. Qd2 Nf5 10. Nxf5 Bxf5 11. c5 Qc7 12. Bd3 Bxd3 13. Qxd3 b6 14. cxb6 axb6 15. O-O Bb4 16. Ne2 h6 17. Bh4 c5 18. a3 c4 19. Qg3 Bf8 20. Qg4 g5 21. Bg3 Be7 22. f4 h5 23. Qf3 g4 24. Qe3 h4 25. Be1 f5 26. exf6 Nxf6 27. Qxe6 Qd7 28. f5 Qxe6 29. fxe6 Ne4 30. Nc3 O-O-O 31. Rf7 Rhe8 32. Rxe7 Rxe7 33. Bxh4 Rxe6 34. Bxd8 Nxc3 35. bxc3 Kxd8 36. Kf2 Kc7 37. Re1 Rh6 38. Kg3 Kc6 39. a4 Kb7 40. Re5 Rd6 41. Kxg4 Ka6 42. h4 Ka5 43. h5 Kxa4 44. Kf5 b5 45. g4 b4 46. cxb4 c3 47. Re1 c2 48. g5 Kb3 49. h6 Rd8 50. h7 Rf8+ 51. Kg4 Kb2 52. g6 c1=Q 53. Rxc1 Kxc1 54. g7 Rd8 55. g8=Q 1-0


[Site "https://www.chess.com"]

[Event "Titled Tuesday Blitz March 14 Late 2023"]
[White "Deviprasath, Sharvesh"]
[Black "Klose, Eli"]
[WhiteFideId "30938228"]
[BlackFideId "16242955"]
[WhiteElo "2168"]
[BlackElo "2623"]
[Result "1-0"]
[Round "06"]
[TimeControl "180+2"]
[Date "2023.03.14"]
[WhiteClock "0:00:20"]
[BlackClock "0:00:08"]

1. Nf3 Nf6 2. g3 g6 3. Bg2 Bg7 4. O-O c5 5. d3 d6 6. e4 O-O 7. Nbd2 Nc6 8. Ne1 Rb8 9. f4 Bd7 10. h3 b5 11. g4 b4 12. f5 Ne5 13. Ndf3 Nxf3+ 14. Nxf3 Bc6 15. Nh2 Nd7 16. Qe1 a5 17. Qh4 a4 18. Bh6 Bxb2 19. Rae1 Bg7 20. g5 Bd4+ 21. Kh1 b3 22. Ng4 bxa2 23. Bxf8 Nxf8 24. Nh6+ Kg7 25. e5 Bxg2+ 26. Kxg2 Rb7 27. f6+ exf6 28. exf6+ Kh8 29. Ng4 Ne6 30. Nh6 Be5 31. Qxa4 Nxg5 32. Qxa2 Bxf6 33. Ng4 Bg7 34. Rf2 h5 35. Ne3 Ne6 36. Ref1 Qg5+ 37. Kh1 Re7 38. Ng2 f5 39. Qd5 Nd4 40. Nf4 Kh7 41. Rg2 Qh4 42. Rxg6 Re3 43. Qf7 Rxh3+ 44. Nxh3 Qxh3+ 45. Kg1 Ne2+ 46. Kf2 Qh4+ 47. Kxe2 Qh2+ 48. Rf2 Qe5+ 49. Kd1 Qa1+ 50. Ke2 Qe5+ 51. Kf1 f4 52. Rxg7+ Qxg7 53. Qxg7+ Kxg7 54. Rxf4 1-0


[Site "https://www.chess.com"]

[Event "Titled Tuesday Blitz March 14 Late 2023"]
[White "Fishbein, Alexander"]
[Black "Trakru, Rohun"]
[WhiteFideId "2000377"]
[BlackFideId "2097613"]
[WhiteElo "2415"]
[BlackElo "1852"]
[Result "0-1"]
[Round "06"]
[TimeControl "180+2"]
[Date "2023.03.14"]
[WhiteClock "0:00:03"]
[BlackClock "0:00:02"]

1. e4 c6 2. d4 d5 3. e5 c5 4. c3 Nc6 5. Nf3 cxd4 6. cxd4 Bg4 7. Bb5 Qb6 8. Nc3 e6 9. Be3 Ne7 10. O-O a6 11. Be2 Nf5 12. Na4 Qa7 13. Rc1 Bxf3 14. Bxf3 Ncxd4 15. Bxd4 Nxd4 16. Rc7 Be7 17. Bg4 Bd8 18. Rc5 Nc6 19. b4 Nxe5 20. Bxe6 fxe6 21. Re1 Bf6 22. Rxe5 Bxe5 23. Qh5+ g6 24. Qxe5 O-O 25. Qxe6+ Rf7 26. Nb6 Rf8 27. h3 a5 28. Nd7 b6 29. Rxd5 b5 30. Rd2 Ra8 31. Ne5 axb4 32. Nxf7 Qxf7 33. Qe5 Re8 34. Qxb5 Re1+ 35. Kh2 Re8 36. Qd5 Qxd5 37. Rxd5 Re2 38. Kg3 Rxa2 39. Rb5 Rb2 40. Rb7 b3 41. h4 Rb1 42. f3 b2 43. h5 gxh5 44. Kf4 Kh8 45. Kg5 Kg8 46. f4 h4 47. f5 h3 48. Rb8+ Kf7 49. f6 h2 50. Rb7+ Ke6 51. Rb6+ Kd5 52. f7 Rf1 53. Rxb2 h1=Q 54. f8=Q Rxf8 55. Rd2+ Kc4 56. Rf2 Rxf2 0-1


[Site "https://www.chess.com"]

[Event "Titled Tuesday Blitz March 14 Late 2023"]
[White "O`Gorman, Tom"]
[Black "Omelja, Artem"]
[WhiteFideId "2508249"]
[BlackFideId "14119846"]
[WhiteElo "2271"]
[BlackElo "2404"]
[Result "1/2-1/2"]
[Round "06"]
[TimeControl "180+2"]
[Date "2023.03.14"]
[WhiteClock "0:01:44"]
[BlackClock "0:01:38"]

1. e4 c5 2. Nf3 Nc6 3. d4 cxd4 4. Nxd4 Nf6 5. Nc3 e5 6. Ndb5 d6 7. Bg5 a6 8. Na3 b5 9. Nd5 Be7 10. Bxf6 Bxf6 11. c3 O-O 12. Nc2 Be6 13. Nce3 Bg5 14. Be2 Ne7 15. Nxe7+ Qxe7 16. Nd5 Qb7 17. O-O Bxd5 18. Qxd5 Qxd5 19. exd5 f5 20. a4 bxa4 21. Rxa4 Rfb8 22. b4 Bd2 23. Rxa6 Rxa6 24. Bxa6 Bxc3 25. b5 Bd4 26. Rc1 Bc5 27. Kf1 Kf7 28. Ke2 e4 29. f3 exf3+ 30. Kxf3 Kf6 31. Re1 g6 32. Re6+ Kf7 33. g4 fxg4+ 34. Kxg4 h6 35. h4 Re8 36. Rxe8 Kxe8 37. Bc8 Kf7 38. Be6+ Kf6 39. Kf4 Bf2 40. Kf3 Bb6 41. Kg4 Bf2 42. h5 gxh5+ 43. Kxh5 Be3 44. Kg4 Bb6 45. Kf3 Bc5 46. Kg4 Bb6 47. Kh5 Be3 48. Kg4 Bb6 1/2-1/2


[Site "https://www.chess.com"]

[Event "Titled Tuesday Blitz March 14 Late 2023"]
[White "Jovic, Stanoje"]
[Black "Vlassov, Nikolai"]
[WhiteFideId "905020"]
[BlackFideId "4103360"]
[WhiteElo "2236"]
[BlackElo "2324"]
[Result "0-1"]
[Round "06"]
[TimeControl "180+2"]
[Date "2023.03.14"]
[WhiteClock "0:00:03"]
[BlackClock "0:00:14"]

1. c4 e5 2. g3 h5 3. h3 c6 4. d4 exd4 5. Qxd4 d5 6. Bg2 Nf6 7. Nf3 Be7 8. cxd5 cxd5 9. O-O Nc6 10. Qa4 Bd7 11. Qb3 Na5 12. Qd1 Rc8 13. Nc3 Be6 14. Nd4 Qd7 15. Nxe6 fxe6 16. Bg5 Nc4 17. b3 Nd6 18. Rc1 O-O 19. e3 Rf7 20. Ne2 Nde4 21. Bxf6 Nxf6 22. Nf4 h4 23. gxh4 Bd6 24. Rxc8+ Qxc8 25. Ng6 Bb8 26. h5 Qc7 27. f4 Qb6 28. Qd3 Nxh5 29. Bf3 Nxf4 30. Nxf4 Bxf4 31. Kg2 Bxe3 32. Bg4 Rxf1 33. Kxf1 Kf7 34. Bh5+ Ke7 35. Qg6 Qb5+ 36. Kg2 Bd4 37. Qf7+ Kd6 38. Qf8+ Kc7 39. Bg4 Qd7 40. Qf4+ e5 41. Qf8 Qc6 42. Qxg7+ Kb6 43. Qh7 Qc3 44. Qf5 Qd2+ 45. Kg3 Qe1+ 0-1


[Site "https://www.chess.com"]